 Dungeon Crawl Stone Soup version 0.29.1-1-gd02db6906a (webtiles) character file.

Game seed: 2132370554886308196

150037 MisterFreud the Unseen (level 17, -2/137 HPs)
             Began as a Gnoll Delver on Sept 17, 2022.
             Was a High Priest of Yredelemnul.
             Slain by a spark wasp (13 damage)
             ... on level 4 of the Spider Nest.
             The game lasted 01:10:45 (35720 turns).

MisterFreud the Unseen (Gnoll Delver)              Turns: 35720, Time: 01:10:45

Health: -2/137     AC: 25    Str: 19    XL:     17   Next: 52%
Magic:  33/33      EV: 16    Int: 18    God:    Yredelemnul [*****.]
Gold:   2239       SH:  7    Dex: 14    Spells: 35/40 levels left

rFire   + + .      SeeInvis +   x - +4 hand axe (spect)
rCold   . . .      Faith    +   w - +0 buckler {AC+3}
rNeg    . . .      Spirit   .   W - +7 ring mail of the First Snow {Fly rF+ Int+5}
rPois   +          Reflect  .   B - +2 helmet
rElec   .          Harm     .   q - +0 cloak {rPois}
rCorr   .          Rampage  .   V - +1 pair of gloves {Str+3}
Will    +....                   (no boots)
Stlth   +++++.....              S - amulet of Hiud {Faith +Inv rF+ Str+2 Int-2}
HPRegen 0.32/turn               C - +4 ring of slaying
MPRegen 0.23/turn               k - ring of see invisible

@: flying
A: fangs 1, strong nose, distributed training
a: Renounce Religion, Evoke Invisibility, Recall Undead Harvest, Dark Bargain,
Drain Life, Bind Soul


You were on level 4 of the Spider Nest.
You worshipped Yredelemnul.
Yredelemnul was pleased with you.
You visited 5 branches of the dungeon, and saw 27 of its levels.
You also visited: Bailey and Volcano.

You collected 2314 gold pieces.
You spent 75 gold pieces at shops.

Inventory:

Hand Weapons
 x - a +4 spectral hand axe (weapon)
 D - a +0 scimitar of flaming
Missiles
 A - 8 boomerangs (quivered)
 J - 3 throwing nets
Armour
 q - a +0 cloak of poison resistance (worn)
 w - a +0 buckler of protection (worn)
 B - a +2 helmet (worn)
 L - a +2 kite shield
 O - +0 pearl dragon scales
 V - a +1 pair of gloves of strength (worn)
 W - the +7 ring mail of the First Snow (worn) {Fly rF+ Int+5}
   (You found it on level 9 of the Dungeon)

   Int:       It affects your intelligence (+5).
   rF:        It protects you from fire.
   Fly:       It grants you flight.
Jewellery
 a - a ring of protection from cold
 h - a ring of willpower
 k - a ring of see invisible (right hand)
 t - a ring of positive energy
 y - a ring of protection from fire
 z - a ring of wizardry
 C - a +4 ring of slaying (left hand)
 S - the amulet of Hiud (around neck) {Faith +Inv rF+ Str+2 Int-2}
   (You acquired it on level 9 of the Dungeon)

   [amulet of faith]

   It allows you to gain divine favour quickly.
   Str:       It affects your strength (+2).
   Int:       It affects your intelligence (-2).
   rF:        It protects you from fire.
   +Inv:      It lets you turn invisible.
Wands
 g - a wand of digging (2)
 j - a wand of light (11)
 u - a wand of mindburst (17)
 v - a wand of flame (37)
 P - a wand of charming (27)
 Q - a wand of roots (9)
 R - a wand of polymorph (8)
Scrolls
 c - a scroll of fog
 d - 5 scrolls of magic mapping
 e - 8 scrolls of fear
 i - 2 scrolls of poison
 o - 6 scrolls of teleportation
 p - 4 scrolls of blinking
 s - 5 scrolls of brand weapon
 F - 4 scrolls of enchant weapon
 K - 5 scrolls of enchant armour
 M - a scroll of summoning
 N - 4 scrolls of butterflies
Potions
 f - 6 potions of haste
 l - 3 potions of brilliance
 m - 3 potions of invisibility
 n - 7 potions of curing
 r - a potion of resistance
 E - 4 potions of ambrosia
 G - 3 potions of mutation
 H - 8 potions of lignification
 I - a potion of heal wounds
 T - 4 potions of might
 U - 3 potions of magic
 X - 3 potions of cancellation
 Y - 2 potions of berserk rage
Miscellaneous
 b - a tin of tremorstones (2/2)
 Z - a phantom mirror


   Skills:
 + Level 13.6 Fighting
 + Level 12.8 Short Blades
 + Level 12.0 Long Blades
 + Level 12.0 Axes
 + Level 12.0 Maces & Flails
 + Level 12.0 Polearms
 + Level 12.0 Staves
 + Level 12.0 Ranged Weapons
 + Level 12.0 Throwing
 + Level 12.0 Armour
 + Level 12.8 Dodging
 + Level 15.0 Stealth
 + Level 12.0 Shields
 + Level 12.0 Unarmed Combat
 + Level 12.0 Spellcasting
 + Level 10.1 Conjurations
 + Level 10.1 Hexes
 + Level 10.1 Summonings
 + Level 10.1 Necromancy
 + Level 10.1 Translocations
 + Level 10.1 Transmutations
 + Level 10.1 Fire Magic
 + Level 10.1 Ice Magic
 + Level 10.1 Air Magic
 + Level 10.1 Earth Magic
 + Level 10.1 Poison Magic
 + Level 13.0 Invocations
 + Level 12.0 Evocations


You had 35 spell levels left.
You knew the following spells:

 Your Spells              Type           Power      Damage    Failure   Level
a - Tukima's Dance        Hex            47%        N/A       1%          3
b - Passwall              Tmut/Erth      39%        N/A       1%          2

Your spell library contained the following spells:

 Spells                   Type           Power      Damage    Failure   Level
 Necrotise                Necr           100%       1d9       1%          1
 Sandblast                Erth           94%        2d19      1%          1
 Blink                    Tloc           94%        N/A       1%          2
 Ensorcelled Hibernation  Hex/Ice        94%        N/A       1%          2
 Static Discharge         Conj/Air       47%        3-9/arc   1%          2
 Gell's Gravitas          Tloc           47%        N/A       1%          3
 Lesser Beckoning         Tloc           47%        N/A       1%          3
 Ozocubu's Armour         Ice            47%        N/A       1%          3
 Spider Form              Tmut/Pois      47%        N/A       1%          3
 Stone Arrow              Conj/Erth      94%        3d12      1%          3
 Teleport Other           Tloc           47%        N/A       1%          3
 Vampiric Draining        Necr           47%        2d9       1%          3
 Anguish                  Hex/Necr       23%        N/A       1%          4
 Animate Armour           Summ/Erth      94%        N/A       1%          4
 Corpse Rot               Necr/Pois/Air  47%        N/A       1%          4
 Dispel Undead            Necr           47%        3d18      1%          4
 Olgreb's Toxic Radiance  Pois           47%        N/A       1%          4
 Passage of Golubria      Tloc           47%        N/A       1%          4
 Sticky Flame             Conj/Fire      47%        2d6       1%          4
 Agony                    Necr           47%        N/A       4%          5
 Lightning Bolt           Conj/Air       23%        1d39      4%          5
 Manifold Assault         Tloc           47%        N/A       4%          5
 Metabolic Englaciation   Hex/Ice        23%        N/A       4%          5
 Summon Forest            Summ/Tloc      23%        N/A       4%          5
 Yara's Violent Unravell  Hex/Tmut       23%        3d10      4%          5
 Dispersal                Tloc           23%        N/A       26%         6
 Eringya's Noxious Bog    Tmut/Pois      23%        N/A       26%         6
 Ozocubu's Refrigeration  Ice            23%        4d12      83%         7
 Summon Hydra             Summ           23%        N/A       83%         7
 Ignition                 Fire           23%        3d8       100%        8
 Lehudib's Crystal Spear  Conj/Erth      23%        10d7      100%        8
 Maxwell's Capacitive Co  Air            23%        ∞         100%        8
 Death Channel            Necr           Unusable   N/A       N/A         6
 Simulacrum               Ice/Necr       Unusable   N/A       N/A         6

Dungeon Overview and Level Annotations

Branches:
Dungeon (15/15)            Temple (1/1) D:6            Lair (5/5) D:9
 Shoals (0/4) Lair:3       Spider (4/4) Lair:2        Slime (0/5) Lair:5
    Orc (2/2) D:10            Elf (0/3) Orc:2        Vaults (0/5) D:13
 Depths (0/4) D:15         Bailey (visited)         Volcano (visited)

Altars:
Cheibriados
Dithmenos
Elyvilon
Fedhas
Gozag
Hepliaklqana
Kikubaaqudgha
Makhleb
Nemelex Xobeh
Okawaru
Qazlal
Ru
Sif Muna
Trog
Uskayaw
Vehumet
Wu Jian
Yredelemnul
Zin
The Shining One

Shops:
Orc:2 **!*([

Annotations:
D:6 5 runed translucent doors, sobakacece's ghost, novice MfGl
D:12 1 runed translucent door, Gairgh's ghost, journeyman TrMo
D:15 3 runed translucent doors, Purphixowk's ghost, journeyman DsGl
Lair:4 Josephine; Rupert


Innate Abilities, Weirdness & Mutations

You have very sharp teeth.
Your uncanny sense of smell can sniff out nearby items.
Your experience applies equally to all skills.


Message History

The spark wasp is lightly wounded.
Your +4 spectral hand axe hits the spark wasp!
The spark wasp stings you but does no damage.
Something hits your wolf spider zombie!
Something bites your wolf spider zombie!
The tarantella splashes around in the water.
You hit the spark wasp but do no damage.
The spark wasp is moderately wounded.
You hit the tarantella.
Your +4 spectral hand axe hits the tarantella!
Bai Suzhen seems less confused.
The spark wasp stings you but does no damage.
The jumping spider leaps!
Something hits your wolf spider zombie!
Something bites your wolf spider zombie!
The tarantella touches your wolf spider zombie!
Your wolf spider zombie is destroyed!
The tarantella touches you but does no damage.
You can no longer bind living souls.
You barely miss the spark wasp. You bite the spark wasp.
The spark wasp is moderately wounded.
You hit the tarantella.
Your +4 spectral hand axe hits the tarantella!
You kill the tarantella!
The dead are crawling!
You can now bind living souls.
The spark wasp stings you!! The spark wasp shocks you!
* * * LOW HITPOINT WARNING * * *
The jumping spider leaps!
A tarantella comes into view.
The spark wasp misses you.
You hit the spark wasp but do no damage.
The spark wasp is moderately wounded.
A redback comes into view.
A culicivora comes into view.
A tarantella comes into view.
The tarantella barely misses your wolf spider zombie.
The spark wasp stings you!!
* * * LOW HITPOINT WARNING * * *
The spark wasp shocks you!
You die...
Your body rises from the dead as a mindless zombie.

##..
......
.s....#
.......
##. ..~~~s
...
.^s~~s###
^..
#s$s~##
.^#
#..#Z(##^#
#~~@##..#
#..#ZZy.#
#. #~Z<##
..
#○#.ss.#
#^
..#...#^^#
#
#^#.^...#
## #^
.#.##.. #
.#^. ...
##..# .^.#


You could see a spark wasp (ally target), a wolf spider (distracted), 2
culicivoras, 3 tarantellas, a redback, the friendly Bai Suzhen the bound storm
dragon, a friendly +4 spectral hand axe (summoned), a friendly wolf spider
zombie, a friendly tarantella zombie and a friendly steelbarb worm zombie.

Vanquished Creatures
  Frances (D:12)
  Kirke (Lair:4)
  A great orb of eyes (D:15)
  2 rakshasas (D:15)
  3 jorogumos
  4 hydras
  2 boulder beetles
  6 two-headed ogres
  A catoblepas (Lair:5)
  A death knight (D:13)
  An anaconda (shapeshifter) (D:15)
  A radroach (Spider:3)
  6 centaur warriors
  3 orc high priests (Orc:2)
  A deep troll shaman (Lair:5)
  6 tengu warriors
  8 death yaks
  A hell knight (Volcano)
  3 pharaoh ants
  2 steelbarb worms
  A lindwurm (D:13)
  A deep elf pyromancer (D:12)
  5 orc knights
  4 orc sorcerers
  6 wolf spiders
  6 ugly things
  A manticore (D:8)
  2 cyclopes (D:15)
  A moth of wrath (Spider:3)
  An elephant (Lair:5)
  2 torpor snails
  A black mamba (Lair:4)
  Joseph (D:8)
  An elephant (shapeshifter) (D:14)
  3 gargoyles
  9 cane toads
  2 unseen horrors
  3 demonic crawlers
  A freezing wraith (D:13)
  6 komodo dragons
  A rime drake (Lair:1)
  A tengu conjurer (D:13)
  2 polar bears (D:10)
  4 trolls
  Prince Ribbit (D:9)
  2 meliai (Spider:3)
  Grinder (D:3)
  2 merfolk (Lair:3)
  14 blink frogs
  11 tarantellas
  13 slime creatures
  4 dream sheep (Lair:5)
  9 jumping spiders
  7 culicivoras
  A shadow (D:10)
  A centaur simulacrum (D:10)
  6 wraiths
  4 unseen horror simulacra
  2 wyverns
  A fire bat (Lair:4)
  2 basilisks
  2 hogs (Lair:4)
  18 yaks
  5 vampire mosquitoes
  4 wargs
  A steam dragon (D:8)
  18 redbacks
  A two-headed ogre zombie (D:10)
  2 acid dragons
  7 water moccasins
  A meliai simulacrum (D:14)
  8 ice beasts
  19 orc warriors
  A sky beast (D:8)
  23 wolves
  7 black bears
  5 ogres
  13 centaurs
  4 phantoms
  A gnoll sergeant (D:6)
  6 bullfrogs
  2 scorpions
  4 wights (D:7)
  6 killer bees
  2 electric eels (D:8)
  A howler monkey (D:12)
  3 hounds
  2 jellies (Lair:5)
  9 orc priests
  A gnoll bouda (D:9)
  2 iguanas
  6 orc wizards
  6 ogre zombies (D:10)
  Robin (D:3)
  13 gnolls
  10 adders
  A shadow imp (D:5)
  8 white imps
  3 howler monkey simulacra
  4 ufetubi
  2 worms
  A dart slug (D:3)
  45 orcs
  8 ball pythons
  4 bats
  9 endoplasms
  5 giant cockroaches
  13 hobgoblins
  8 jackals
  5 quokkas
  4 frilled lizards
  10 goblins
  A goblin zombie (D:10)
  A hobgoblin skeleton (D:10)
  A hobgoblin zombie (D:10)
  10 kobolds
  4 orc skeletons (D:10)
  6 orc zombies (D:10)
  6 rats
573 creatures vanquished.

Vanquished Creatures (collateral kills)
  Arachne (Spider:2)
  A ghost moth (Spider:1)
  An entropy weaver (Spider:2)
  3 boulder beetles
  3 hydras
  2 jorogumos (Spider:2)
  2 radroaches (Spider:2)
  A centaur warrior (D:15)
  Erica (Lair:2)
  3 death yaks
  A two-headed ogre (D:13)
  3 steelbarb worms
  2 sun moths
  2 pharaoh ants (Spider:2)
  6 orb spiders
  9 wolf spiders
  2 orc knights (Orc:1)
  6 ugly things
  A cyclops (D:13)
  2 elephants (Lair:5)
  2 black mambas (Lair:5)
  3 torpor snails
  A cane toad (Lair:5)
  3 rime drakes
  2 komodo dragons (Lair:2)
  A freezing wraith (D:13)
  A polar bear (Lair:3)
  A meliai (Spider:3)
  12 tarantellas
  9 blink frogs
  A troll (D:13)
  5 slime creatures
  17 jumping spiders
  6 culicivoras
  26 yaks
  2 wraiths (Lair:4)
  A vampire (D:13)
  2 fire bats (Lair:4)
  2 basilisks
  2 vampire mosquitoes (D:14)
  8 redbacks
  An acid dragon (D:11)
  3 water moccasins
  5 ice beasts
  9 wolves
  A phantom (D:10)
  2 centaurs (D:14)
  3 bullfrogs
  A killer bee (D:8)
  2 electric eels
  3 orc priests
  A jelly (Lair:5)
  2 orc wizards (D:9)
  An ogre zombie (D:10)
  A centaur simulacrum (D:10)
  4 gnolls
  An adder (D:3)
  A white imp (D:8)
  A howler monkey simulacrum (D:10)
  A dart slug (D:5)
  8 orcs
  A ball python (D:3)
  3 endoplasms
  A giant cockroach (D:1)
  A goblin (D:9)
  2 hobgoblins
  A quokka (D:5)
  A frilled lizard (D:1)
  4 goblin zombies (D:10)
  A hobgoblin zombie (D:10)
  2 orc skeletons (D:10)
  5 orc zombies (D:10)
  A rat (D:1)
233 creatures vanquished.

Vanquished Creatures (others)
  A spectral centaur (D:14)
  2 wolf spider zombies
  2 ugly thing zombies
  2 steelbarb worm zombies (Spider:2)
  An unseen horror zombie (D:10)
  8 redback zombies
  2 hydra zombies
  5 tarantella zombies
  2 spectral komodo dragons
  3 jumping spider zombies
  2 culicivora zombies (Spider:2)
  2 meliai zombies (Spider:3)
  2 radroach zombies (Spider:2)
  A sun moth zombie (Spider:2)
  2 black mamba zombies (Lair:5)
  2 yaks (Lair:5)
  A human (Lair:4)
  A slime creature zombie (D:14)
  A two-headed ogre zombie (Volcano)
  A tengu zombie (D:14)
  An elephant zombie (D:14)
  8 blink frog zombies
  A centaur (D:14)
  2 vampire mosquito zombies
  A cyclops zombie (D:15)
  4 water moccasin zombies
  2 warg zombies
  10 yak zombies
  A troll zombie (D:13)
  13 wolf zombies
  12 centaur zombies
  2 bullfrog zombies
  A human zombie (D:8)
  An orc wizard (Orc:2)
  A scorpion zombie (Lair:2)
  4 ice beast zombies
  2 ogre zombies
  2 jelly zombies (Lair:5)
  5 spectral white imps
  3 gnoll zombies
  A ball python zombie (D:1)
  A dart slug zombie (D:3)
  3 endoplasm zombies
  A goblin zombie (D:3)
  2 hobgoblin zombies
  31 orc zombies
  A rat zombie (D:1)
  2 spectral ufetubi
  90 fungi
  100 plants
351 creatures vanquished.

Grand Total: 1157 creatures vanquished

Notes
Turn   | Place    | Note
-------+----------+-------------------------------------------
     0 | D:5      | Reached skill level 9 in Stealth
     0 | D:5      | MisterFreud the Gnoll Delver began the quest for the Orb.
     0 | D:5      | Reached XP level 1. HP: 23/23 MP: 1/1
     1 | D:6      | Found a staircase to the Ecumenical Temple.
     4 | D:6      | Noticed an ice beast
    16 | Temple   | Entered the Ecumenical Temple
   109 | Temple   | Became a worshipper of Yredelemnul the Dark
   414 | D:3      | Reached XP level 2. HP: 29/29 MP: 2/2
   425 | D:3      | Reached * piety under Yredelemnul
   602 | D:2      | Reached XP level 3. HP: 35/35 MP: 3/3
   606 | D:1      | Found a faded altar of an unknown god.
   741 | D:1      | Reached skill level 1 in Invocations
   946 | D:1      | Reached skill level 1 in Long Blades
   946 | D:1      | Reached skill level 1 in Axes
   946 | D:1      | Reached skill level 1 in Maces & Flails
   946 | D:1      | Reached skill level 1 in Polearms
   946 | D:1      | Reached skill level 1 in Staves
   946 | D:1      | Reached skill level 1 in Ranged Weapons
   946 | D:1      | Reached skill level 1 in Throwing
   946 | D:1      | Reached skill level 1 in Armour
   946 | D:1      | Reached skill level 1 in Shields
   946 | D:1      | Reached skill level 1 in Unarmed Combat
   946 | D:1      | Reached skill level 1 in Spellcasting
   946 | D:1      | Reached skill level 1 in Evocations
  1209 | D:1      | Reached XP level 4. HP: 41/41 MP: 5/5
  1217 | D:1      | Reached ** piety under Yredelemnul
  1431 | D:1      | You fall into a shaft and drop 1 floor!
  1490 | D:2      | Identified the +5 hand axe "Plog" {vorpal, rF+ Will+}
  1652 | D:2      | Reached skill level 1 in Conjurations
  1652 | D:2      | Reached skill level 1 in Hexes
  1652 | D:2      | Reached skill level 1 in Summonings
  1652 | D:2      | Reached skill level 1 in Necromancy
  1652 | D:2      | Reached skill level 1 in Translocations
  1652 | D:2      | Reached skill level 1 in Transmutations
  1652 | D:2      | Reached skill level 1 in Fire Magic
  1652 | D:2      | Reached skill level 1 in Ice Magic
  1652 | D:2      | Reached skill level 1 in Air Magic
  1652 | D:2      | Reached skill level 1 in Earth Magic
  1652 | D:2      | Reached skill level 1 in Poison Magic
  2318 | D:3      | Found an opulent altar of Gozag.
  2388 | D:3      | Noticed Grinder
  2405 | D:3      | Killed Grinder
  2406 | D:3      | Reached skill level 5 in Short Blades
  2406 | D:3      | Reached skill level 5 in Dodging
  2406 | D:3      | Reached XP level 5. HP: 16/47 MP: 5/8
  2406 | D:3      | Reached XP level 6. HP: 18/53 MP: 5/9
  2964 | D:3      | Found a stormy altar of Qazlal.
  2967 | D:3      | Noticed a water elemental
  2967 | D:3      | Noticed a fire elemental
  2967 | D:3      | Noticed an air elemental
  2979 | D:3      | Noticed Robin
  2990 | D:3      | Killed Robin
  3020 | D:3      | Reached *** piety under Yredelemnul
  3801 | D:4      | Reached XP level 7. HP: 60/60 MP: 10/10
  4416 | D:5      | Reached skill level 10 in Stealth
  4924 | D:5      | Reached XP level 8. HP: 59/67 MP: 12/12
  5435 | D:6      | Found a runed translucent gate.
  5436 | D:6      | Found a runed translucent gate.
  5437 | D:6      | Found a runed translucent gate.
  5442 | D:6      | Noticed sobakacece's ghost (novice MfGl)
  5444 | D:6      | Noticed a kobold demonologist
  5937 | D:6      | Found a large runed translucent door.
  5937 | D:6      | Found a large runed translucent door.
  6339 | D:7      | Found a sacrificial altar of Ru.
  6409 | D:7      | Reached XP level 9. HP: 44/73 MP: 14/14
  6564 | D:7      | Found a glowing silver altar of Zin.
  7217 | D:8      | Reached skill level 5 in Invocations
  7344 | D:8      | Noticed Joseph
  7357 | D:8      | Killed Joseph
  7620 | D:8      | Found Ceung's Jewellery Emporium.
  7628 | D:8      | Noticed a manticore
  7636 | D:8      | Reached skill level 5 in Long Blades
  7636 | D:8      | Reached skill level 5 in Axes
  7636 | D:8      | Reached skill level 5 in Maces & Flails
  7636 | D:8      | Reached skill level 5 in Polearms
  7636 | D:8      | Reached skill level 5 in Staves
  7636 | D:8      | Reached skill level 5 in Ranged Weapons
  7636 | D:8      | Reached skill level 5 in Throwing
  7636 | D:8      | Reached skill level 5 in Armour
  7636 | D:8      | Reached skill level 5 in Shields
  7636 | D:8      | Reached skill level 5 in Unarmed Combat
  7636 | D:8      | Reached skill level 5 in Spellcasting
  7636 | D:8      | Reached skill level 5 in Evocations
  7636 | D:8      | Reached XP level 10. HP: 33/81 MP: 17/17
  7639 | D:8      | Your ally Joseph died
  7645 | D:8      | Killed a manticore
  7998 | D:8      | Reached skill level 11 in Stealth
  8309 | D:9      | Noticed Prince Ribbit
  8316 | D:9      | Found a flagged portal.
  8326 | D:9      | Killed Prince Ribbit
  8356 | Bailey   | Entered a bailey
  8832 | Bailey   | Noticed an orc knight
  8850 | Bailey   | Killed an orc knight
  8855 | Bailey   | Reached skill level 5 in Conjurations
  8855 | Bailey   | Reached skill level 5 in Hexes
  8855 | Bailey   | Reached skill level 5 in Summonings
  8855 | Bailey   | Reached skill level 5 in Necromancy
  8855 | Bailey   | Reached skill level 5 in Translocations
  8855 | Bailey   | Reached skill level 5 in Transmutations
  8855 | Bailey   | Reached skill level 5 in Fire Magic
  8855 | Bailey   | Reached skill level 5 in Ice Magic
  8855 | Bailey   | Reached skill level 5 in Air Magic
  8855 | Bailey   | Reached skill level 5 in Earth Magic
  8855 | Bailey   | Reached skill level 5 in Poison Magic
  8855 | Bailey   | Reached XP level 11. HP: 37/89 MP: 18/21
  9307 | D:9      | Identified the +7 ring mail of the First Snow {Fly rF+
                  | Int+5}
  9350 | D:9      | Found a staircase to the Lair.
  9392 | D:9      | Identified a scroll of acquirement
  9392 | D:9      | Acquired the amulet of Hiud {Faith +Inv rF+ Str+2 Int-2}
  9569 | D:9      | Reached **** piety under Yredelemnul
  9579 | D:9      | Reached XP level 12. HP: 76/97 MP: 22/22
  9970 | D:10     | Entered Level 10 of the Dungeon
 10019 | D:10     | Found a staircase to the Orcish Mines.
 10252 | D:10     | Reached skill level 12 in Stealth
 10426 | D:10     | Reached skill level 10 in Fighting
 10427 | D:10     | Reached ***** piety under Yredelemnul
 10567 | D:10     | Reached ****** piety under Yredelemnul
 11185 | D:11     | Noticed a boulder beetle
 11304 | D:11     | Noticed a two-headed ogre
 11310 | D:11     | Killed a two-headed ogre
 11316 | D:11     | Reached XP level 13. HP: 104/104 MP: 23/25
 12302 | D:12     | Found a runed translucent door.
 12302 | D:12     | Noticed Gairgh's ghost (journeyman TrMo)
 12502 | Lair:1   | Entered Level 1 of the Lair of Beasts
 12699 | Lair:1   | Learned a level 3 spell: Tukima's Dance
 12702 | Lair:1   | Learned a level 2 spell: Passwall
 13227 | Lair:1   | Reached XP level 14. HP: 95/111 MP: 26/26
 13673 | Lair:2   | Reached skill level 10 in Short Blades
 13673 | Lair:2   | Reached skill level 10 in Dodging
 13677 | Lair:2   | Noticed Erica
 13687 | Lair:2   | Killed Erica
 14793 | Lair:2   | Found a hole to the Spider Nest.
 14910 | Lair:3   | Identified the +8 ring mail of Zolutah {rN+ Dex+2}
 14926 | Lair:3   | Reached skill level 13 in Stealth
 15029 | Lair:3   | Found a staircase to the Shoals.
 15293 | Lair:3   | Reached skill level 10 in Invocations
 16119 | Lair:4   | Noticed Kirke
 16130 | Lair:4   | Killed Kirke
 16255 | Lair:4   | Found a dark tunnel.
 16273 | Volcano  | Entered a volcano
 16899 | Lair:4   | Noticed Josephine
 16932 | Lair:4   | Noticed Rupert
 16945 | Lair:5   | Entered Level 5 of the Lair of Beasts
 17049 | Lair:5   | Reached XP level 15. HP: 38/111 MP: 28/28
 17690 | Lair:5   | Found a staircase to the Slime Pits.
 17929 | Lair:5   | Reached skill level 10 in Long Blades
 17929 | Lair:5   | Reached skill level 10 in Axes
 17929 | Lair:5   | Reached skill level 10 in Maces & Flails
 17929 | Lair:5   | Reached skill level 10 in Polearms
 17929 | Lair:5   | Reached skill level 10 in Staves
 17929 | Lair:5   | Reached skill level 10 in Ranged Weapons
 17929 | Lair:5   | Reached skill level 10 in Throwing
 17929 | Lair:5   | Reached skill level 10 in Armour
 17929 | Lair:5   | Reached skill level 10 in Shields
 17929 | Lair:5   | Reached skill level 10 in Unarmed Combat
 17929 | Lair:5   | Reached skill level 10 in Spellcasting
 17929 | Lair:5   | Reached skill level 10 in Evocations
 19105 | D:12     | Noticed Frances
 19806 | D:12     | Killed Frances
 21676 | Orc:1    | Entered Level 1 of the Orcish Mines
 21890 | Orc:1    | Reached skill level 14 in Stealth
 22365 | Orc:2    | Entered Level 2 of the Orcish Mines
 22455 | Orc:2    | Found a staircase to the Elven Halls.
 22591 | Orc:2    | Found Amufib's Overcharged Wands.
 22741 | Orc:2    | Found Othafun's Assorted Antiques.
 23406 | Orc:2    | Paralysed by an orc sorcerer for 4 turns
 24312 | Orc:2    | Found Dalulyimp's Antique Armour Boutique.
 24312 | Orc:2    | Found Qicwy's Distillery.
 24322 | Orc:2    | Found Xounesa's Assorted Antiques.
 24322 | Orc:2    | Found Utog's Antique Weapon Boutique.
 24439 | Orc:2    | Bought a potion of heal wounds for 75 gold pieces
 24781 | D:13     | Reached XP level 16. HP: 127/129 MP: 30/30
 25020 | D:13     | Found a gate to the Vaults.
 27613 | D:15     | Entered Level 15 of the Dungeon
 28702 | D:15     | Found a runed translucent gate.
 28702 | D:15     | Found a runed translucent gate.
 28702 | D:15     | Found a runed translucent gate.
 28709 | D:15     | Noticed Purphixowk's ghost (journeyman DsGl)
 29281 | D:15     | Found a staircase to the Depths.
 29561 | Spider:1 | Entered Level 1 of the Spider Nest
 30426 | Spider:1 | You are sucked into a shaft and drop 1 floor!
 31169 | Spider:1 | Reached XP level 17. HP: 106/135 MP: 32/32
 32771 | Spider:2 | Reached skill level 10 in Conjurations
 32771 | Spider:2 | Reached skill level 10 in Hexes
 32771 | Spider:2 | Reached skill level 10 in Summonings
 32771 | Spider:2 | Reached skill level 10 in Necromancy
 32771 | Spider:2 | Reached skill level 10 in Translocations
 32771 | Spider:2 | Reached skill level 10 in Transmutations
 32771 | Spider:2 | Reached skill level 10 in Fire Magic
 32771 | Spider:2 | Reached skill level 10 in Ice Magic
 32771 | Spider:2 | Reached skill level 10 in Air Magic
 32771 | Spider:2 | Reached skill level 10 in Earth Magic
 32771 | Spider:2 | Reached skill level 10 in Poison Magic
 32825 | Spider:2 | Noticed Arachne
 32835 | Spider:2 | Killed Arachne
 33787 | Spider:3 | Reached skill level 15 in Stealth
 34960 | Spider:3 | Noticed Bai Suzhen
 35410 | Spider:3 | Killed Bai Suzhen
 35410 | Spider:3 | Enslaved Bai Suzhen
 35689 | Spider:4 | Entered Level 4 of the Spider Nest
 35720 | Spider:4 | Slain by a spark wasp

Illustrated notes

Levels and vault maps discovered:
D:1:      lightli_iron_boxes, layout_rooms, ebering_ecumenical_altar_rust,
          chequers_serial_rivers_small_a
D:2:      layout_loops_ring
D:3:      layout_loops_ring, nicolae_qazlal_style_of_elements,
          grunt_gozag_breadcrumbs, minmay_quadrilaterals, uniq_grinder,
          uniq_robin
D:4:      layout_loops_corners, portal_sewer_entry_d, minmay_box_of_dots
D:5:      layout_basic, kennysheep_boxes
D:6:      layout_basic, jmf_multi_god_temple2, gammafunk_ghost_nasty_kobolds,
          corexii_checkpoint_a, chequers_serial_rivers_micro_b,
          serial_bayou_pond_d
D:7:      kennysheep_seaside_town, layout_rooms, zin_academy,
          nicolae_ru_awakened_eye, ebering_ghost_inner_flame
D:8:      layout_cave_pools, serial_shops, shop, serial_ice, serial_ice_j,
          serial_ice_c, serial_ice_b, serial_ice_f, serial_ice_m, serial_ice_h,
          uniq_joseph
D:9:      layout_cross, due_lair_maze_entry_diamond,
          lightli_bailey_entry_fortress, minmay_holes, uniq_prince_ribbit1
D:10:     layout_gridville, zombieorc2_lemuel, serial_ice, serial_ice_h,
          serial_ice_a, serial_ice_o, serial_ice_e, serial_ice_d, serial_ice_n,
          serial_ice_i, serial_ice_m, serial_ice_g, serial_ice_b
D:11:     layout_basic
D:12:     layout_stronghold, gammafunk_ghost_grave, uniq_frances
D:13:     layout_rooms, david_vaults_4, nicolae_fountain_basement
D:14:     layout_basic, chequers_serial_rivers_micro_a
D:15:     gammafunk_enter_depths_forms, layout_cave_pools, columned_hall_lemuel,
          maelrawn_ghost_gauntlet_escape
Temple:   minmay_temple_bridge_d
Lair:1:   layout_misc_corridors
Lair:2:   layout_small_grid, spider_nest_entry_rubble, serial_bayou_crossing,
          lemuel_fruit_tree, uniq_erica
Lair:3:   layout_misc_corridors, elwin_shoals_entry_rooms
Lair:4:   layout_cave_shapes, portal_ice_cave_entry_animals_and_master,
          nicolae_volcano_entry_batcave, grunt_megastairs_3, uniq_rupert,
          uniq_nessos, uniq_kirke, uniq_josephine
Lair:5:   grunt_lair_end_beastmaster, layout_layer_cave,
          nicolae_slime_entry_slimehenge
Spider:1: layout_spider_delve
Spider:2: nicolae_spider_hilbert_zone_3 [nicolae_spider_hilbert_4_sides_2_open,
          nicolae_spider_hilbert_3_sides_1_open,
          nicolae_spider_hilbert_3_sides_1_open,
          nicolae_spider_hilbert_3_sides_1_open,
          nicolae_spider_hilbert_3_sides_1_open,
          nicolae_spider_hilbert_4_sides_1_open,
          nicolae_spider_hilbert_4_sides_1_open,
          nicolae_spider_hilbert_4_sides_1_open,
          nicolae_spider_hilbert_4_sides_1_open,
          nicolae_spider_hilbert_4_sides_1_open,
          nicolae_spider_hilbert_4_sides_1_open,
          nicolae_spider_hilbert_4_sides_1_open,
          nicolae_spider_hilbert_4_sides_1_open,
          nicolae_spider_hilbert_3_sides_1_open,
          nicolae_spider_hilbert_3_sides_1_open,
          nicolae_spider_hilbert_3_sides_1_open,
          nicolae_spider_hilbert_3_sides_1_open], uniq_arachne
Spider:3: layout_chambers, uniq_bai_suzhen
Spider:4: grunt_spider_rune_parallel
Orc:1:    layout_caves
Orc:2:    grunt_orc_tribal_feast, layout_caves, serial_shops,
          nicolae_square_shop, nicolae_shop_overcharged_wands

Skill      XL: |  1  2  3  4  5  6  7  8  9 10 11 12 13 14 15 16 17 |
---------------+----------------------------------------------------+-----
Stealth        | 10 11 12 13 14 15 | 15.0
Invocations    | 1 2 3 4 5 7 9 10 11 12 13 | 13.0
Long Blades    | 1 2 3 5 6 7 8 9 10 11 12 | 12.0
Axes           | 1 2 3 5 6 7 8 9 10 11 12 | 12.0
Maces & Flails | 1 2 3 5 6 7 8 9 10 11 12 | 12.0
Polearms       | 1 2 3 5 6 7 8 9 10 11 12 | 12.0
Staves         | 1 2 3 5 6 7 8 9 10 11 12 | 12.0
Ranged Weapons | 1 2 3 5 6 7 8 9 10 11 12 | 12.0
Throwing       | 1 2 3 5 6 7 8 9 10 11 12 | 12.0
Armour         | 1 2 3 5 6 7 8 9 10 11 12 | 12.0
Shields        | 1 2 3 5 6 7 8 9 10 11 12 | 12.0
Unarmed Combat | 1 2 3 5 6 7 8 9 10 11 12 | 12.0
Spellcasting   | 1 2 3 5 6 7 8 9 10 11 12 | 12.0
Evocations     | 1 2 3 5 6 7 8 9 10 11 12 | 12.0
Conjurations   | 1 2 3 4 5 6 7 8 9 10 | 10.1
Hexes          | 1 2 3 4 5 6 7 8 9 10 | 10.1
Summonings     | 1 2 3 4 5 6 7 8 9 10 | 10.1
Necromancy     | 1 2 3 4 5 6 7 8 9 10 | 10.1
Translocations | 1 2 3 4 5 6 7 8 9 10 | 10.1
Transmutations | 1 2 3 4 5 6 7 8 9 10 | 10.1
Fire Magic     | 1 2 3 4 5 6 7 8 9 10 | 10.1
Ice Magic      | 1 2 3 4 5 6 7 8 9 10 | 10.1
Air Magic      | 1 2 3 4 5 6 7 8 9 10 | 10.1
Earth Magic    | 1 2 3 4 5 6 7 8 9 10 | 10.1
Poison Magic   | 1 2 3 4 5 6 7 8 9 10 | 10.1
Short Blades   | 5 6 8 9 10 11 12 | 12.8
Dodging        | 5 6 8 9 10 11 12 | 12.8
Fighting       | 7 8 9 10 11 12 13 | 13.6

Action                   |  1- 3 |  4- 6 |  7- 9 | 10-12 | 13-15 | 16-18 || total
-------------------------+-------+-------+-------+-------+-------+-------++-------
Melee: Short sword       |   115 |    19 |       |       |       |       ||   134
       Bite              |    13 |    13 |    16 |    41 |   147 |   120 ||   350
       Punch             |     2 |     5 |     1 |       |       |       ||     8
       Hand axe          |       |   111 |   140 |   297 |   857 |   637 ||  2042
       Scimitar          |       |       |       |       |    33 |       ||    33
Throw: Dart              |       |       |       |     1 |       |       ||     1
       Boomerang         |       |       |       |       |       |     1 ||     1
Invok: Recall Undead Har |       |     1 |       |       |     6 |     8 ||    15
       Bind Soul         |       |       |       |     1 |     1 |     5 ||     7
       Drain Life        |       |       |       |       |     3 |     3 ||     6
       Dark Bargain      |       |       |       |       |     2 |       ||     2
Evoke: Wand              |       |     4 |     2 |     2 |     2 |     5 ||    15
  Use: Scroll            |       |       |    18 |     4 |     7 |     4 ||    33
       Potion            |       |       |       |     2 |     6 |     8 ||    16
 Stab: Sleeping          |    13 |    22 |    17 |    12 |    21 |    12 ||    97
       Distracted        |     2 |       |     5 |    11 |    32 |    16 ||    66
       Invisible         |       |       |       |     1 |       |       ||     1
Armor: Leather armour    |    28 |    25 |    41 |    47 |       |       ||   141
       Ring mail         |       |       |       |    79 |   329 |   313 ||   721
Dodge: Dodged            |    87 |    71 |    70 |   179 |   472 |   402 ||  1281
Block: Buckler           |       |       |    25 |    74 |   217 |   207 ||   523
